 Dungeon Crawl Stone Soup version 0.19.1 (webtiles) character file.

580 ImaNewbie the Carver (level 7, -7/56 HPs)
             Began as a Minotaur Gladiator on Dec 16, 2016.
             Mangled by Pikel
             ... wielding a +1 whip of electrocution
              (18 damage)
             ... on level 5 of the Dungeon.
             The game lasted 00:06:30 (3959 turns).

ImaNewbie the Carver (Minotaur Gladiator)           Turns: 3959, Time: 00:06:31

Health: -7/56      AC:  4    Str: 22    XL:     7   Next: 13%
Magic:  6/6        EV: 12    Int:  5    God:
Gold:   258        SH:  0    Dex: 10    Spells: 0 memorised, 6 levels left

rFire  . . .     SeeInvis .     a - +0 long sword
rCold  . . .     Gourm    .     b - +0 leather armour
rNeg   . . .     Faith    .     (no shield)
rPois  .         Spirit   .     c - +0 hat
rElec  .         Reflect  .     (no cloak)
rCorr  +         Harm     .     q - +0 pair of gloves
MR     .....                    (no boots)
Stlth  ..........               (no amulet)
                                v - ring of resist corrosion
                                i - ring of loudness (curse)

@: no status effects
A: retaliatory headbutt, horns 2
a: no special abilities


You were on level 5 of the Dungeon.
You were hungry.

You visited 1 branch of the dungeon, and saw 5 of its levels.

You collected 258 gold pieces.

Inventory:

Hand Weapons
 a - a +0 long sword (weapon)
Missiles
 d - 3 throwing nets (quivered)
 h - 6 curare-tipped needles
Armour
 b - a +0 leather armour (worn)
 c - a +0 hat (worn)
 q - a +0 pair of gloves (worn)
Jewellery
 i - a cursed ring of loudness (left hand)
 v - a ring of resist corrosion (right hand)
Wands
 n - a wand of slowing (48/48)
Scrolls
 g - a scroll of amnesia
 j - a scroll of enchant weapon {unknown}
 p - a scroll of teleportation
Potions
 e - a potion of degeneration {unknown}
 f - 4 potions of curing
 k - a potion of haste {unknown}
 l - 2 potions of might
 o - 5 potions of agility
 w - a potion of berserk rage
Comestibles
 m - 3 bread rations
 u - 3 beef jerkies
 x - a slice of pizza


   Skills:
 - Level 2.4 Fighting
 + Level 9.9 Long Blades
 - Level 2.0 Throwing
 - Level 3.2 Dodging


You had 6 spell levels left.
You didn't know any spells.

Dungeon Overview and Level Annotations

Branches:
Dungeon (5/15)
 Temple: D:4-7

Altars:
Gozag
Makhleb
Qazlal

Annotations:
D:5 Pikel


Innate Abilities, Weirdness & Mutations

You reflexively headbutt those who attack you in melee.
You have a pair of horns on your head.


Message History

Pikel is moderately wounded.
Pikel barely misses you.
You riposte.
You miss Pikel.
Pikel is moderately wounded.
You barely miss Pikel.
Pikel is moderately wounded.
You hit Pikel but do no damage. You headbutt Pikel, but do no damage.
Pikel is moderately wounded.
Pikel hits you with a whip of electrocution.
You are electrocuted!
* * * LOW HITPOINT WARNING * * *
You slash Pikel! Your headbutt misses Pikel.
Pikel is heavily wounded.
Pikel hits you with a whip of electrocution.
* * * LOW HITPOINT WARNING * * *
You closely miss Pikel.
Pikel is heavily wounded.
Pikel hits you with a whip of electrocution.
* * * LOW HITPOINT WARNING * * *
You are electrocuted!
You die...

#(...........###########.#
##.##....####.>.@Kpppp....#
.<.####### ###############
####


You could see Pikel and 4 slaves.

Vanquished Creatures
  Sigmund (D:3)
  A phantom (D:4)
  A scorpion (D:4)
  A jelly (D:3)
  2 worker ants (D:4)
  Robin (D:2)
  3 gnolls
  6 adders
  2 oozes
  5 worms
  A dart slug (D:1)
  2 leopard geckos (D:3)
  8 orcs
  3 ball pythons
  3 giant cockroaches
  13 goblins
  7 hobgoblins
  4 jackals (D:4)
  4 kobolds
  A quokka (D:4)
  5 bats
  4 frilled lizards
  A jackal skeleton (D:4)
  9 rats
88 creatures vanquished.

Notes
Turn   | Place    | Note
-------+----------+-------------------------------------------
     0 | D:1      | ImaNewbie the Minotaur Gladiator began the quest for the Orb.
     0 | D:1      | Reached XP level 1. HP: 18/18 MP: 0/0
   117 | D:1      | Reached skill level 4 in Long Blades
   215 | D:1      | Reached XP level 2. HP: 25/25 MP: 1/1
   459 | D:2      | Reached skill level 5 in Long Blades
   466 | D:2      | Reached XP level 3. HP: 29/30 MP: 2/2
   478 | D:2      | Noticed Robin
   493 | D:2      | Killed Robin
   750 | D:2      | Found a burning altar of Makhleb.
  1040 | D:2      | Noticed a green death
  1044 | D:2      | Noticed a smoke demon
  1044 | D:2      | Noticed a hellwing
  1173 | D:2      | Reached skill level 6 in Long Blades
  1173 | D:2      | Reached XP level 4. HP: 33/37 MP: 3/3
  1809 | D:3      | Found a stormy altar of Qazlal.
  1886 | D:3      | Reached XP level 5. HP: 35/42 MP: 4/4
  1912 | D:3      | Reached skill level 7 in Long Blades
  2324 | D:3      | Noticed Sigmund
  2335 | D:3      | Killed Sigmund
  2335 | D:3      | Reached skill level 8 in Long Blades
  2335 | D:3      | Reached XP level 6. HP: 35/50 MP: 5/5
  2855 | D:4      | Reached skill level 9 in Long Blades
  3095 | D:4      | Reached XP level 7. HP: 19/56 MP: 6/6
  3311 | D:4      | Found an opulent altar of Gozag.
  3908 | D:5      | Entered Level 5 of the Dungeon
  3935 | D:5      | Noticed Pikel
  3959 | D:5      | Mangled by Pikel

Skill      XL: |  1  2  3  4  5  6 |
---------------+-------------------+-----
Long Blades    | 4 5 6 8 9 |  9.9
Fighting       | |  2.4
Throwing       | |  2.0
Dodging        | |  3.2

Action                   |  1- 3 |  4- 6 |  7- 9 || total
-------------------------+-------+-------+-------++-------
Melee: Long sword        |    89 |   114 |    27 ||   230
       Headbutt          |    20 |    16 |     2 ||    38
  Use: Potion            |       |     1 |       ||     1
       Scroll            |       |     6 |     2 ||     8
  Eat: Chunk             |     1 |     6 |     2 ||     9
Armor: Leather armour    |    19 |    22 |     3 ||    44
Dodge: Dodged            |    45 |    64 |     9 ||   118
       Rpst.: Long sword |    13 |    17 |     2 ||    32
